 Dungeon Crawl Stone Soup version 0.29-a0-72-g1732ff48e7 (webtiles) character file.

Game seed: 18374932555232946511

630 HallandMoats the Skirmisher (level 7, -3/50 HPs)
             Began as an Octopode Monk on Feb 4, 2022.
             Was an Elder of Makhleb.
             Killed by divine providence
             ... invoked by an orc priest
              (10 damage)
             ... on level 5 of the Dungeon.
             The game lasted 00:07:42 (5481 turns).

HallandMoats the Skirmisher (Octopode Monk)         Turns: 5481, Time: 00:07:42

Health: -3/50      AC:  1    Str: 12    XL:     7   Next: 48%
Magic:  9/9        EV: 14    Int: 12    God:    Makhleb [****..]
Gold:   246        SH:  0    Dex: 15    Spells: 9/9 levels left

rFire   . . .      SeeInvis .     - Unarmed
rCold   + . .      Faith    .   (no shield)
rNeg    . . .      Spirit   .   (helmet restricted)
rPois   .          Reflect  .   (no amulet)
rElec   .          Harm     .   a - ring of protection from cold
rCorr   .          Rampage  .   (no ring)
Will    .....                   (no ring)
Stlth   +++.......              (no ring)
HPRegen 0.16/turn               (no ring)
MPRegen 0.11/turn               (no ring)
                                (no ring)
                                (no ring)

@: no status effects
A: almost no armour, amphibious, 8 rings, camouflage 1, gelatinous body 1,
(nimble swimmer 1), tentacles
a: Renounce Religion, Minor Destruction, Lesser Servant of Makhleb, Major
Destruction


You were on level 5 of the Dungeon.
You worshipped Makhleb.
Makhleb was greatly pleased with you.
You visited 1 branch of the dungeon, and saw 5 of its levels.
You also visited: Sewer.

You collected 246 gold pieces.

Inventory:

Hand Weapons
 b - a +2 dagger of venom
Jewellery
 a - a ring of protection from cold (left tentacle)
Scrolls
 d - a scroll of identify
 e - a scroll of teleportation
 h - a scroll of enchant armour
 j - a scroll of fog {unknown}
Potions
 c - a potion of resistance
 f - 3 potions of curing
 g - a potion of brilliance {unknown}
 i - 2 potions of might


   Skills:
 * Level 5.5 Fighting
 + Level 4.3 Dodging
 - Level 2.6 Stealth
 * Level 5.4 Unarmed Combat
 + Level 1.6 Spellcasting
 + Level 1.8 Air Magic


You had 9 spell levels left.
You didn't know any spells.
Your spell library contained the following spells:

 Spells                   Type           Power      Damage    Failure   Level
 Shock                    Conj/Air       12%        1d3       19%         1
 Swiftness                Air            5%         N/A       36%         3
 Ensorcelled Hibernation  Hex/Ice        0%         N/A       41%         2
 Passwall                 Tmut/Erth      0%         N/A       41%         2
 Airstrike                Air            2%         N/A       78%         4


Dungeon Overview and Level Annotations

Branches:
Dungeon (5/15)              Sewer (visited)
 Temple: D:4-7

Altars:
Ashenzari
Cheibriados
Makhleb
Beogh

Annotations:
D:3 3 runed translucent doors, Cecur's ghost, weakling DsWz
D:4 2 transporters, Cancer's ghost, amateur GrEE


Innate Abilities, Weirdness & Mutations

You cannot wear most types of armour.
You are amphibious.
You can wear up to eight rings at the same time.
Your skin changes colour to match your surroundings (Stealth+).
Your rubbery body absorbs attacks. (AC +1, EV +1)
((You are camouflaged when in or above water. (Stealth+)))
You have tentacles for arms and can constrict up to eight enemies at once.


Message History

An orc comes into view. It is wielding a +0 whip.
An orc priest comes into view. It is wielding a +0 mace.
The orc shouts!
The iguana hisses angrily.
You tentacle-slap the orc. You grab the orc.
The orc is lightly wounded.
You constrict the orc.
You hear a shout!
You tentacle-slap the orc.
You kill the orc!
Makhleb accepts your kill.
You tentacle-slap the iguana. You grab the iguana.
The iguana is lightly wounded.
You constrict the iguana.
An orc priest comes into view. It is wielding a +0 whip.
The iguana closely misses you.
You tentacle-slap the iguana but do no damage.
You tentacle-slap the iguana.
The iguana is moderately wounded.
You constrict the iguana.
The orc priest casts a cantrip, but nothing happens.
The iguana misses you.
You tentacle-slap the iguana but do no damage.
You squeeze the iguana.
The iguana is heavily wounded.
You constrict the iguana.
The orc priest calls down the wrath of Beogh upon you.
Beogh smites you! The orc misses you. The iguana bites you!
You bludgeon the iguana!
You kill the iguana!
Makhleb accepts your kill.
You feel better. The orc hits you with a +0 whip.
The orc priest invokes the aid of Beogh against you.
Pain shoots through your body!
* * * LOW HITPOINT WARNING * * *
The orc priest calls down the wrath of Beogh upon you.
Beogh smites you!
* * * LOW HITPOINT WARNING * * *
The orc priest mumbles some strange prayers to Beogh against you.
Beogh smites you!
You die...

#####.# ###.....#
##.#.###.### ..#.###...# # #
#.#.......# #. #.#.
##.#####...# ..
..#.!.####....# #.#.# .
.............>###.#.###
..#.......oo..o.@..........#
..#.#.............######.###
......#...........# #.# ....
#.....#.....# #)# ...#
#..#..#.##.#######'## #..#
#.......##.##.....).# #..#
##.....###..........# ...##
#####. ####.......# #...##
..######.##


You could see 2 orc priests and an orc.

Vanquished Creatures
  An ice beast (D:5)
  A kobold brigand (Sewer)
  2 scorpions
  A jelly (D:4)
  Terence (D:2)
  An iguana (D:5)
  A mummy (D:4)
  12 adders
  4 river rats
  A white imp (D:4)
  5 worms
  3 dart slugs
  5 orcs
  5 bats
  7 endoplasms
  A giant cockroach (D:4)
  2 hobgoblins
  3 jackals (Sewer)
  2 quokkas (D:3)
  8 ball pythons
  8 frilled lizards
  7 goblins
  9 kobolds
  10 rats
100 creatures vanquished.

Vanquished Creatures (others)
  7 plants (Sewer)
7 creatures vanquished.

Grand Total: 107 creatures vanquished

Notes
Turn   | Place    | Note
-------+----------+-------------------------------------------
     0 | D:1      | HallandMoats the Octopode Monk began the quest for the Orb.
     0 | D:1      | Reached XP level 1. HP: 16/16 MP: 1/1
    26 | D:1      | Found a faded altar of an unknown god.
    47 | D:1      | Reached XP level 2. HP: 14/21 MP: 2/2
    56 | D:1      | Prayed at the altar of an unknown god.
    56 | D:1      | Became a worshipper of Makhleb the Destroyer
    56 | D:1      | Reached * piety under Makhleb
    56 | D:1      | Reached ** piety under Makhleb
   294 | D:1      | Reached *** piety under Makhleb
  1109 | D:2      | Noticed Terence
  1119 | D:2      | Killed Terence
  1120 | D:2      | Reached XP level 3. HP: 15/27 MP: 3/3
  1260 | D:2      | Found a broken altar of Ashenzari.
  1267 | D:2      | Reached XP level 4. HP: 32/33 MP: 4/4
  1273 | D:2      | Identified the +3 ring mail of the Final Ziggurats {rC+}
  2022 | D:3      | Noticed a scorpion
  2080 | D:3      | Killed a scorpion
  2081 | D:3      | Reached XP level 5. HP: 38/38 MP: 5/5
  2598 | D:3      | Found a runed translucent gate.
  2599 | D:3      | Found a runed translucent gate.
  2600 | D:3      | Found a runed translucent gate.
  2602 | D:3      | Noticed Cecur's ghost (weakling DsWz)
  2921 | D:4      | Identified the +13 plate armour of Anaesthesia {Dex+5}
  3010 | D:4      | Reached XP level 6. HP: 17/44 MP: 6/6
  3284 | D:4      | Found a transporter.
  3287 | D:4      | Noticed Cancer's ghost (amateur GrEE)
  3288 | D:4      | Found a transporter.
  3374 | D:4      | Found a snail-covered altar of Cheibriados.
  3760 | D:5      | Entered Level 5 of the Dungeon
  3975 | D:5      | Noticed an ice beast
  3986 | D:5      | Killed an ice beast
  3987 | D:5      | Reached skill level 5 in Fighting
  3987 | D:5      | Reached skill level 5 in Unarmed Combat
  3987 | D:5      | Reached skill level 1 in Spellcasting
  3987 | D:5      | Reached skill level 1 in Air Magic
  4279 | D:5      | Reached XP level 7. HP: 46/50 MP: 8/8
  4312 | D:5      | Found a glowing drain.
  4319 | Sewer    | Entered a sewer
  4365 | Sewer    | Reached **** piety under Makhleb
  5481 | D:5      | Killed from afar by an orc priest

Illustrated notes

Levels and vault maps discovered:
D:1:      amcnicky_arrival_choice, layout_rooms,
          hellmonk_ecumenical_altar_blasted
D:2:      layout_loops_corners, basic_altar, uniq_terence
D:3:      layout_rooms, biasface_ghost_orc_armoury, roderic_serpentine_path
D:4:      layout_basic, slow_altar_2, serial_rivers,
          chequers_serial_rivers_micro_a, chequers_serial_rivers_room_b,
          chequers_serial_rivers_micro_d, chequers_serial_rivers_large_a,
          gammafunk_ghost_mausoleum
D:5:      layout_basic, mainiacjoe_overflow_alcove_4, lightli_sewer_entry_pipes,
          minmay_misc_feat_secret_circle, minmay_crystal_room

Skill      XL: |  1  2  3  4  5  6 |
---------------+-------------------+-----
Fighting       | 4 5 |  5.5
Unarmed Combat | 4 5 |  5.4
Dodging        | 4 |  4.3
Spellcasting   | 1 |  1.6
Air Magic      | 1 |  1.8
Stealth        | |  2.6

Action                   |  1- 3 |  4- 6 |  7- 9 || total
-------------------------+-------+-------+-------++-------
Melee: Unarmed           |    47 |   117 |    98 ||   262
       Tentacles         |    16 |    29 |    22 ||    67
       Constrict         |    13 |    19 |    25 ||    57
       Punch             |     3 |     4 |     5 ||    12
  Use: Potion            |       |     7 |       ||     7
       Scroll            |       |     3 |     4 ||     7
 Stab: Sleeping          |     5 |    15 |     8 ||    28
       Distracted        |       |     1 |       ||     1
Armor: Skin              |     1 |     5 |     1 ||     7
Dodge: Dodged            |    28 |    48 |    27 ||   103

Table legend: (Time is in decaauts)
 A = Elapsed time spent in this place.
 B = Non-inter-level travel time spent in this place.
 C = Inter-level travel time spent in this place.
 D = Time resting spent in this place.
 E = Time spent auto-exploring this place.
 F = Levels seen in this place.
 G = Mean time per level.
                   A        B        C        D        E       F      G
               +--------+--------+--------+--------+--------+-----+--------+
         Total |   5436 |   5340 |     96 |    222 |   4235 |   6 |  906.0 |
       Dungeon |   4548 |   4452 |     96 |    222 |   3594 |   5 |  909.6 |
         Sewer |    888 |    888 |      0 |      0 |    641 |   1 |  888.0 |
               +--------+--------+--------+--------+--------+-----+--------+

Top non-repeatable levels by time:
     D:2: 1210 daAuts
     D:4: 1008 daAuts
   Sewer: 888 daAuts
     D:5: 819 daAuts
     D:3: 815 daAuts
     D:1: 694 daAuts
